 Dungeon Crawl Stone Soup version 0.29-a0-371-g91724d5b39 (webtiles) character file.

Game seed: 6468526043753140170

1381 bande the Chopper (level 8, -1/50 HPs)
             Began as a Gargoyle Fighter on May 2, 2022.
             Slain by a two-headed ogre
             ... wielding a +0 giant club
              (16 damage)
             ... on level 6 of the Dungeon.
             The game lasted 00:08:48 (5828 turns).

bande the Chopper (Gargoyle Fighter)                Turns: 5828, Time: 00:08:49

Health: -1/50      AC: 19    Str: 20    XL:     8   Next: 67%
Magic:  8/8        EV:  7    Int:  9    God:
Gold:   281        SH:  5    Dex: 11    Spells: 7/7 levels left

rFire   + . .      SeeInvis +   a - +1 war axe
rCold   . . .      Faith    .   c - +0 buckler
rNeg    + . .      Spirit   .   s - +0 chain mail
rPois   ∞          Reflect  .   (no helmet)
rElec   +          Harm     .   i - +1 cloak
rCorr   .          Rampage  .   l - +0 pair of gloves
Will    .....                   (no boots)
Stlth   ..........              e - amulet of regeneration
HPRegen 0.96/turn               t - ring of protection from fire
MPRegen 0.11/turn               w - ring of see invisible

@: mighty
A: sickness immunity, AC +5, negative energy resistance 1, electricity
resistance, torment resistance 1, petrification resistance
a: no special abilities


You were on level 6 of the Dungeon.
You visited 1 branch of the dungeon, and saw 6 of its levels.

You collected 281 gold pieces.

Inventory:

Hand Weapons
 a - a +1 war axe (weapon)
 y - a +0 flail
Armour
 c - a +0 buckler (worn)
 i - a +1 cloak (worn)
 l - a +0 pair of gloves (worn)
 s - a +0 chain mail (worn)
Jewellery
 e - an amulet of regeneration (around neck)
 t - a ring of protection from fire (left hand)
 w - a ring of see invisible (right hand)
 x - a +6 ring of strength
Wands
 C - a wand of iceblast (9)
 D - a wand of mindburst (17)
Scrolls
 b - 2 scrolls of blinking
 h - a scroll of fog
 m - a scroll of enchant armour
 p - 3 scrolls of teleportation
 r - a scroll of silence
Potions
 d - a potion of might
 f - 2 potions of magic
 g - 2 potions of brilliance
 j - a potion of haste {unknown}
 k - a potion of degeneration {unknown}
 n - a potion of attraction {unknown}
 o - 2 potions of heal wounds
 q - a potion of flight {unknown}
 u - 2 potions of curing {unknown}
 v - a potion of mutation {unknown}
 z - a potion of berserk rage {unknown}
 A - a potion of ambrosia {unknown}


   Skills:
 + Level 5.5 Fighting
 + Level 6.3 Axes
 + Level 6.2 Armour
 + Level 5.0 Shields
 * Level 2.6 Evocations


You had 7 spell levels left.
You didn't know any spells.
Your spell library contained the following spells:

 Spells                   Type           Power      Damage    Failure   Level
 Animate Dead             Necr           0%         N/A       100%        4
 Summon Lightning Spire   Summ/Air       0%         N/A       100%        4
 Freezing Cloud           Conj/Ice/Air   0%         6-21      100%        5
 Simulacrum               Ice/Necr       0%         N/A       100%        6
 Haunt                    Necr/Summ      0%         N/A       100%        7
 Storm Form               Tmut/Air       0%         N/A       100%        7
 Infestation              Necr           0%         N/A       100%        8
 Maxwell's Capacitive Co  Air            0%         ∞         100%        8
 Polar Vortex             Ice            0%         N/A       100%        9


Dungeon Overview and Level Annotations

Branches:
Dungeon (6/15)             Temple (0/1) D:6

Altars:
Dithmenos
Qazlal
Ru

Portals:
Sewer: D:6

Annotations:
D:5 2 transporters


Innate Abilities, Weirdness & Mutations

You are immune to sickness and miasma.
Your stone body is resilient. (AC +5)
You are immune to poison.
You resist negative energy. (rN+)
You are resistant to electric shocks. (rElec)
You are resistant to unholy torment.
You are immune to petrification.


Message History

You see here a +2 whip of electrocution.
You slash the orc priest!
You kill the orc priest!
Your Shields skill increases to level 5!
Things that are here:
a +0 dagger; a +0 chain mail; a +2 whip of electrocution
Things that are here:
a +0 club; an orc corpse You hear the slow rusting of a drain very nearby.
A giant cockroach and a rat come into view.
A two-headed ogre comes into view. It is wielding two +0 giant clubs.
The two-headed ogre shouts in stereo!
Found a club.
Found a glowing drain.
A ball python comes into view.
A rat comes into view.
The ball python hisses angrily.
You block the two-headed ogre's attack.
The two-headed ogre hits you with a +0 giant club!
You hit the two-headed ogre.
The two-headed ogre is lightly wounded.
The two-headed ogre hits you with a +0 giant club!
You block the two-headed ogre's attack.
The rat twitches its whiskers.
You slash the two-headed ogre!
The two-headed ogre is moderately wounded.
The two-headed ogre hits you with a +0 giant club!
* * * LOW HITPOINT WARNING * * *
The two-headed ogre hits you with a +0 giant club.
* * * LOW HITPOINT WARNING * * *
You are too injured to fight recklessly!
You are too injured to fight recklessly!
You are too injured to fight recklessly!
You are too injured to fight recklessly!
You are too injured to fight recklessly!
You are too injured to fight recklessly!
You feel very mighty all of a sudden.
You hit the two-headed ogre.
The two-headed ogre is moderately wounded.
The two-headed ogre hits you with a +0 giant club!
You die...

.######.####...........
...#.#.# #.###.####.#
#.#)#.#.# #.# #......#
#.#.#.#.# #.###..####.
#.#.#.#.###....)....#.
#.#.#.#.......)...##.
#.#.#.#########).##.
#.#.#.# #..##. #@#.##
#..##. ....rrO#.#.#
#..##. .....S# #.##
#..... ≈≈≈... #.#
#.###. ≈≈≈≈. ## #.# #.
≈∩≈≈. #.# ## ≈≈≈≈ #. #
≈≈≈.


You could see a two-headed ogre, a ball python and 2 rats.

Vanquished Creatures
  Sigmund (D:3)
  A water moccasin (D:5)
  An ice beast (D:5)
  2 black bears
  3 ogres
  A phantom (D:4)
  3 hounds
  2 orc priests (D:6)
  A jelly (D:6)
  3 iguanas
  3 orc wizards
  5 adders
  3 gnolls
  An ufetubus (D:5)
  5 worms
  3 dart slugs
  11 orcs
  4 ball pythons
  8 bats
  10 endoplasms
  3 giant cockroaches (D:4)
  6 goblins
  7 hobgoblins
  2 jackals (D:4)
  4 quokkas
  5 frilled lizards
  6 kobolds
  4 rats
108 creatures vanquished.

Vanquished Creatures (others)
  10 plants (D:6)
10 creatures vanquished.

Grand Total: 118 creatures vanquished

Notes
Turn   | Place    | Note
-------+----------+-------------------------------------------
     0 | D:1      | bande the Gargoyle Fighter began the quest for the Orb.
     0 | D:1      | Reached XP level 1. HP: 14/14 MP: 1/1
   162 | D:1      | Reached XP level 2. HP: 19/19 MP: 2/2
   725 | D:1      | Reached XP level 3. HP: 24/24 MP: 3/3
  1345 | D:2      | Reached XP level 4. HP: 29/29 MP: 4/4
  1469 | D:2      | Noticed a black bear
  1483 | D:2      | Killed a black bear
  1484 | D:2      | Reached XP level 5. HP: 13/33 MP: 5/5
  2506 | D:3      | Noticed Sigmund
  2525 | D:3      | Killed Sigmund
  2526 | D:3      | Reached skill level 5 in Armour
  2526 | D:3      | Reached XP level 6. HP: 30/39 MP: 6/6
  2636 | D:3      | Found a faded altar of an unknown god.
  3347 | D:4      | Found a sacrificial altar of Ru.
  3379 | D:4      | Reached XP level 7. HP: 43/44 MP: 7/7
  3743 | D:4      | Reached skill level 5 in Fighting
  3743 | D:4      | Reached skill level 5 in Axes
  4281 | D:5      | Entered Level 5 of the Dungeon
  4358 | D:5      | Reached skill level 1 in Evocations
  4380 | D:5      | Reached XP level 8. HP: 49/49 MP: 8/8
  4402 | D:5      | Found a transporter.
  4541 | D:5      | Found a shadowy altar of Dithmenos.
  4928 | D:5      | Found a stormy altar of Qazlal.
  5033 | D:5      | Found a transporter.
  5729 | D:6      | Found a staircase to the Ecumenical Temple.
  5812 | D:6      | Reached skill level 5 in Shields
  5821 | D:6      | Noticed a two-headed ogre
  5823 | D:6      | Found a glowing drain.
  5828 | D:6      | Slain by a two-headed ogre

Illustrated notes

Levels and vault maps discovered:
D:1:      dpeg_arrival_rooms_c, layout_rooms, serial_co_window_serial,
          co_window_corner_a, co_window_paths_b, co_window_cross_1,
          co_window_corner_a, co_window_corner_a, co_window_corner_ca,
          co_window_broadway_b, co_window_corner_cb, glass_columns_a,
          glass_columns_a, minmay_misc_feat_secret_circle, serial_bayou_crossing
D:2:      layout_basic
D:3:      layout_loops_corners, hellmonk_ecumenical_altar_run_dry, uniq_sigmund
D:4:      layout_gridville, kennysheep_mini_moat
D:5:      gammafunk_cloud_chamber, layout_loops_ring, grunt_qazlal_sundering,
          grunt_dithmenos_smoke
D:6:      layout_basic, lemuel_doored_altar, minmay_temple_entry_statues,
          portal_sewer_entry_a, minmay_fountain_box, serial_bayou_lake_a

Skill      XL: |  1  2  3  4  5  6  7  8 |
---------------+-------------------------+-----
Axes           | 2 3 4 5 6 |  6.3
Fighting       | 4 5 |  5.5
Armour         | 4 5 6 |  6.2
Shields        | 4 5 |  5.0
Evocations     | 1 2 |  2.6

Action                   |  1- 3 |  4- 6 |  7- 9 || total
-------------------------+-------+-------+-------++-------
Melee: War axe           |    86 |   144 |   199 ||   429
  Use: Scroll            |     4 |     7 |     2 ||    13
       Potion            |       |       |     2 ||     2
Armor: Scale mail        |    50 |    36 |       ||    86
       Chain mail        |       |    62 |   129 ||   191
Dodge: Dodged            |    40 |    63 |    65 ||   168
Block: Buckler           |    10 |    32 |    60 ||   102

Table legend: (Time is in decaauts)
 A = Elapsed time spent in this place.
 B = Non-inter-level travel time spent in this place.
 C = Inter-level travel time spent in this place.
 D = Time resting spent in this place.
 E = Time spent auto-exploring this place.
 F = Levels seen in this place.
 G = Mean time per level.
                   A        B        C        D        E       F      G
               +--------+--------+--------+--------+--------+-----+--------+
         Total |   5984 |   5885 |     99 |    767 |   3814 |   6 |  997.3 |
       Dungeon |   5984 |   5885 |     99 |    767 |   3814 |   6 |  997.3 |
               +--------+--------+--------+--------+--------+-----+--------+

Top non-repeatable levels by time:
     D:5: 1468 daAuts
     D:1: 1324 daAuts
     D:2: 1148 daAuts
     D:3: 998 daAuts
     D:4: 936 daAuts
     D:6: 108 daAuts
